 Dungeon Crawl Stone Soup version 0.28.0-45-g0d030f2227 (webtiles) character file.

Game seed: 11174755184697358760

58 Malificent the Insei (level 4, -5/31 HPs)
             Began as an Octopode Monk on Apr 19, 2022.
             Killed from afar by Grinder (11 damage)
             ... with a puff of flame
             ... while paralysed by Grinder
             ... on level 3 of the Dungeon.
             The game lasted 00:04:49 (2085 turns).

Malificent the Insei (Octopode Monk)                Turns: 2085, Time: 00:04:50

Health: -5/31      AC:  1    Str: 12    XL:     4   Next: 1%
Magic:  4/4        EV:  2    Int: 12    God:
Gold:   25         SH:  0    Dex: 14    Spells: 3/3 levels left

rFire   . . .      SeeInvis .     - Unarmed
rCold   . . .      Faith    .   (no shield)
rNeg    . . .      Spirit   .   (helmet restricted)
rPois   .          Reflect  .   (no amulet)
rElec   .          Harm     .   (no ring)
rCorr   .          Rampage  .   (no ring)
Will    .....                   (no ring)
Stlth   +++.......              (no ring)
HPRegen 0.10/turn               (no ring)
MPRegen 0.09/turn               (no ring)
                                (no ring)
                                (no ring)

@: paralysed
A: almost no armour, amphibious, 8 rings, camouflage 1, gelatinous body 1,
(nimble swimmer 1), tentacles
a: no special abilities


You were on level 3 of the Dungeon.
You visited 1 branch of the dungeon, and saw 3 of its levels.

You collected 25 gold pieces.

Inventory:

Hand Weapons
 g - a +2 dagger of venom
Missiles
 d - a javelin (quivered)
 f - 3 poisoned darts
Potions
 a - a potion of ambrosia {unknown}
 b - a potion of heal wounds
 c - a potion of invisibility
 e - a potion of might {unknown}


   Skills:
 * Level 3.3 Fighting
 + Level 3.5 Dodging
 * Level 3.1 Stealth
 * Level 3.9 Unarmed Combat


You had 3 spell levels left.
You didn't know any spells.
Your spell library was empty.

Dungeon Overview and Level Annotations

Branches:
Dungeon (3/15)

Altars:

Annotations:
D:3 Grinder


Innate Abilities, Weirdness & Mutations

You cannot wear most types of armour.
You are amphibious.
You can wear up to eight rings at the same time.
Your skin changes colour to match your surroundings (Stealth+).
Your rubbery body absorbs attacks. (AC +1, EV +1)
((You are camouflaged when in or above water. (Stealth+)))
You have tentacles for arms and can constrict up to eight enemies at once.


Message History

Level annotation: Grinder
There is a stone staircase leading up here.
Throw: 3 javelins
Press: ? - help, Q - select action, (/) - cycle Shift-Dir - straight line, f - Grinder
Aim: Grinder, carrying a wand of flame (21) (55% to hit)
You throw a javelin. The javelin pierces through Grinder!
Grinder is moderately wounded.
Throw: 2 javelins
Press: ? - help, Q - select action, (/) - cycle Shift-Dir - straight line, f/p - Grinder
Aim: Grinder, carrying a wand of flame (21) (moderately wounded, 55% to hit)
You throw a javelin. The javelin completely misses Grinder.
Grinder gestures at you. You resist with significant effort.
Grinder blinks!
You bludgeon the goblin!
You kill the goblin!
Grinder says, "You look like you could use a good racking."
Grinder zaps a wand.
The puff of flame hits you!
You have reached level 4!
You climb upwards.
There is a stone staircase leading down here.
You start resting.
HP restored.
You climb downwards.
Level annotation: Grinder
There is a stone staircase leading up here.
Grinder says, "At least Makhleb appreciates what I'm doing."
There is a stone staircase leading up here.
Grinder zaps a wand.
The puff of flame hits you! Grinder misses you.
You closely miss Grinder. You grab Grinder. Your squeeze misses Grinder.
You constrict Grinder, but do no damage.
Grinder gestures at you.
You suddenly lose the ability to move!
You lose your grip on Grinder.
Grinder zaps a wand.
The puff of flame hits you! Grinder hits you.
* * * LOW HITPOINT WARNING * * *
You writhe in agony.
* * * LOW HITPOINT WARNING * * *
Grinder zaps a wand.
The puff of flame hits you!
You die...

..#.........
#.#..........
#.#..........
#.#..........
#..<......(..
###.)........
#.#........
##......##
#...@5...#
#...##...####.
#....#)<.......
#...............
###.............
#...#.......##
#...#......##
...........$#
##. #.###...


You could see Grinder.

Vanquished Creatures
  An adder (D:2)
  An orc (D:3)
  5 ball pythons
  2 bats (D:1)
  4 endoplasms
  A giant cockroach (D:1)
  11 goblins
  2 hobgoblins (D:2)
  4 jackals (D:1)
  2 quokkas (D:1)
  3 frilled lizards (D:1)
  4 kobolds
  3 rats (D:1)
43 creatures vanquished.

Vanquished Creatures (others)
  A fungus (D:2)
  A plant (D:2)
2 creatures vanquished.

Grand Total: 45 creatures vanquished

Notes
Turn   | Place    | Note
-------+----------+-------------------------------------------
     0 | D:1      | Malificent the Octopode Monk began the quest for the Orb.
     0 | D:1      | Reached XP level 1. HP: 16/16 MP: 1/1
    48 | D:1      | Reached XP level 2. HP: 14/21 MP: 2/2
   450 | D:1      | Reached XP level 3. HP: 24/26 MP: 3/3
  1315 | D:2      | Found a faded altar of an unknown god.
  1750 | D:3      | Noticed Grinder
  1959 | D:3      | Reached XP level 4. HP: 19/31 MP: 4/4
  2082 | D:3      | Paralysed by Grinder for 7 turns
  2085 | D:3      | Killed from afar by Grinder

Illustrated notes

Levels and vault maps discovered:
D:1:      elethiomel_arrival_shortcut, layout_rooms
D:2:      layout_loops_ring, shapermc_ecumenical_altar_petra,
          minmay_tetromino_s4
D:3:      kennysheep_big_flooded_room, layout_rooms, uniq_grinder

Skill      XL: |  1  2 |
---------------+-------+-----
Stealth        | 3 |  3.1
Fighting       | |  3.3
Dodging        | |  3.5
Unarmed Combat | |  3.9

Action                   |  1- 3 |  4- 6 || total
-------------------------+-------+-------++-------
Melee: Unarmed           |    74 |     1 ||    75
       Tentacles         |    17 |       ||    17
       Constrict         |    20 |     1 ||    21
       Punch             |     3 |       ||     3
Throw: Javelin           |     5 |       ||     5
  Use: Scroll            |     5 |       ||     5
 Stab: Sleeping          |     5 |       ||     5
Armor: Skin              |     1 |       ||     1
Dodge: Dodged            |    39 |     1 ||    40
